AoeStats
← LM | TornardoBriese

Arabia

506722269Analyzed
1v1 RM · 17d ago on Sep 14, 2026· 54m 34s· 2 players
Game mode
Random Map
Map size
Tiny (2 player)
Population
200
Speed
Normal
Resources
Standard
Victory
Conquest
Starting age
Dark Age
Ending age
Imperial Age
RankedLock teamsTeams togetherTeam positionsShared explorationLock speedFull tech treeHidden civsTurbo modeCheats
Victory
Defeat
🇨🇭 Shu · Switzerland
1187
+14
🇨🇭 Portuguese · Switzerland
1149
-14
LM | TornardoBriese
6:44 Loom
9:43 Feudal Age
11:36 Double-Bit Axe
14:36 Fletching
21:19 Castle Age
19:02 Horse Collar
19:59 Gold Mining
22:41 Bow Saw
23:43 Heavy Plow
29:44 Wheelbarrow
32:57 Bodkin Arrow
33:56 Hand Cart
39:00 Imperial Age
39:10 Elite Organ Gun
40:12 Conscription
42:11 Bracer
42:12 Arquebus
41:37 Elite Skirmisher
44:01 Chemistry
43:03 Padded Archer Armor
44:01 Ballistics
44:16 Leather Archer Armor
45:30 Ring Archer Armor
52:12 Thumb Ring
53:29 Thumb Ring
54:08 Crop Rotation
SirTimotheus
7:27 Loom
9:48 Feudal Age
10:32 Double-Bit Axe
11:53 Horse Collar
13:02 Gold Mining
16:35 Fletching
22:06 Castle Age
21:02 Padded Archer Armor
23:12 Bodkin Arrow
23:28 Thumb Ring
24:13 Crossbowman
28:21 Leather Archer Armor
28:54 Ballistics
30:28 Scale Barding Armor
30:23 Scale Mail Armor
30:36 Forging
32:03 Wheelbarrow
31:14 Town Watch
35:24 Imperial Age
34:34 Chain Barding Armor
34:50 Bow Saw
36:24 Arbalester
38:56 Chemistry
39:38 Bracer
40:09 Ring Archer Armor
42:01 Conscription
43:10 Onager
45:23 Hand Cart
49:37 Masonry
51:22 Light Cavalry
52:03 Husbandry
55:39 Plate Barding Armor
Connection lost

Rejoining the realm…

Still unreachable

The connection could not be restored.

Session expired

The server has moved on; the page needs a fresh start.